 Dungeon Crawl Stone Soup version 0.20.0-8-g6b59dc7 (webtiles) character file.

11411 Kosschaser the Covert (level 11, 0/48 HPs)
             Began as a Deep Elf Enchanter on June 2, 2017.
             Was an Elder of Dithmenos.
             Slain by a warg (13 damage)
             ... on level 11 of the Dungeon.
             The game lasted 01:26:13 (13264 turns).

Kosschaser the Covert (Deep Elf Enchanter)         Turns: 13264, Time: 01:26:14

Health: 0/48       AC: 14    Str:  3    XL:     11   Next: 49%
Magic:  0/28       EV: 18    Int: 21    God:    Dithmenos [****..]
Gold:   701        SH:  0    Dex: 18    Spells: 15/32 levels left

rFire    + . .     SeeInvis .   p - +4 short sword (freeze)
rCold    . . .     Gourm    .   (no shield)
rNeg     . . .     Faith    .   b - +0 robe
rPois    .         Spirit   +   n - +0 helmet
rElec    .         Reflect  .   E - +0 cloak
rCorr    .         Harm     .   F - +0 pair of gloves
MR       +....                  t - +0 pair of boots
Stlth    +++++++++.             R - amulet of guardian spirit
Regen    0.6/turn               j - +2 ring of evasion
MPRegen  0.3/turn               M - ring of protection from fire

@: icy armour, wreathed by umbra, slow
A: talons 1, icy blue scales 1, frail 2, regeneration 1, weak 1
a: Shadow Step, Renounce Religion


You were on level 11 of the Dungeon.
You worshipped Dithmenos.
Dithmenos was greatly pleased with you.
You were hungry.

You visited 1 branch of the dungeon, and saw 11 of its levels.
You also visited: Ossuary.

You collected 701 gold pieces.

Inventory:

Hand Weapons
 p - a +4 short sword of freezing (weapon)
Armour
 b - a +0 robe (worn)
 n - a +0 helmet (worn)
 t - a +0 pair of boots (worn)
 E - a +0 cloak (worn)
 F - a +0 pair of gloves (worn)
Jewellery
 j - a +2 ring of evasion (left hand)
 M - a ring of protection from fire (right hand)
 R - an amulet of guardian spirit (around neck)
Wands
 w - a wand of confusion (38/48)
 K - a wand of enslavement (7/24)
 N - a wand of paralysis (2/24)
 S - a wand of iceblast (6/15)
 U - a wand of confusion (19/48)
Scrolls
 h - 5 scrolls of remove curse
 m - 3 scrolls of enchant weapon
 q - 5 scrolls of teleportation
 v - 2 scrolls of fog
 x - 2 scrolls of enchant armour
 y - a scroll of amnesia
 H - a scroll of magic mapping
 L - a scroll of recharging
 O - a scroll of torment {unknown}
 P - 2 scrolls of random uselessness {unknown}
 Q - 2 scrolls of blinking
Potions
 a - a potion of heal wounds
 e - 6 potions of haste {unknown}
 f - 5 potions of curing {unknown}
 g - a potion of resistance
 i - 2 potions of cancellation {unknown}
 k - 3 potions of lignification {unknown}
 o - 2 potions of invisibility {unknown}
 r - 2 potions of mutation {unknown}
 z - a potion of flight {unknown}
 A - 2 potions of agility {unknown}
 B - 2 potions of degeneration {unknown}
 C - 3 potions of ambrosia {unknown}
 D - a potion of berserk rage {unknown}
 G - 3 potions of might
Books
 c - a book of Maledictions

   Spells                             Type                      Level
   a - Corona                         Hexes                        1
   b - Ensorcelled Hibernation        Hexes/Ice                    2
   c - Confuse                        Hexes                        3
   d - Tukima's Dance                 Hexes                        3
   e - Dazzling Spray                 Conjuration/Hexes            3
 u - a book of Minor Magic

   Spells                             Type                      Level
   a - Magic Dart                     Conjuration                  1
   b - Blink                          Translocation                2
   c - Call Imp                       Summoning                    2
   d - Slow                           Hexes                        2
   e - Conjure Flame                  Conjuration/Fire             3
   f - Mephitic Cloud                 Conjuration/Poison/Air       3
 I - a book of Frost

   Spells                             Type                      Level
   a - Freeze                         Ice                          1
   b - Throw Frost                    Conjuration/Ice              2
   c - Ozocubu's Armour               Charms/Ice                   3
   d - Throw Icicle                   Conjuration/Ice              4
   e - Summon Ice Beast               Ice/Summoning                4
Comestibles
 d - 8 bread rations
 l - 3 meat rations
 s - 2 royal jellies
 J - 30 fruits


   Skills:
 + Level 3.0 Fighting
 + Level 6.6 Short Blades
 + Level 6.1 Dodging
 + Level 13.7 Stealth
 + Level 11.1 Spellcasting
 + Level 0.9 Conjurations
 + Level 10.6 Hexes
 + Level 4.2 Ice Magic


You had 15 spell levels left.
You knew the following spells:

 Your Spells              Type           Power        Failure   Level  Hunger
a - Corona                Hex            ######.      1%          1    None
b - Ensorcelled Hibernat  Hex/Ice        #####.       1%          2    None
c - Confuse               Hex            ######..     1%          3    None
d - Dazzling Spray        Conj/Hex       #####.       1%          3    None
e - Slow                  Hex            ######..     1%          2    None
f - Tukima's Dance        Hex            ######..     1%          3    None
g - Ozocubu's Armour      Chrm/Ice       ###.....     7%          3    None


Dungeon Overview and Level Annotations

Branches:
Dungeon (11/15)            Temple (0/1) D:7            Lair (0/6) D:10
    Orc (0/2) D:11

Altars:
Ashenzari
Cheibriados
Dithmenos
Elyvilon
Fedhas
Gozag
Qazlal
Sif Muna
Trog
Vehumet
Xom
Yredelemnul
Zin

Shops:
D:6 }

Annotations:
D:8 Gargoyl's ghost, novice DrAK
D:9 Glitchraptor's ghost, novice DrAK


Innate Abilities, Weirdness & Mutations

You have sharp toenails.
You are partially covered in icy blue scales. (AC +2)
You are very frail. (-20% HP)
Your natural rate of healing is unusually fast.
You are weak. (Str -2)


Message History

You hit the warg. You freeze the warg.
The warg is heavily wounded.
The warg misses you.
You hit the warg. You freeze the warg.
The warg is heavily wounded.
The warg bites you but does no damage.
You hit the warg. You freeze the warg.
The warg is severely wounded.
Your shadow hits the warg but does no damage.
The orc priest mumbles some strange prayers to Beogh against you.
Beogh smites you! The warg misses you.
You are feeling hungry.
The warg pauses to sniff the ground.
The warg misses you.
The orc priest casts a cantrip, but nothing happens.
The warg bites you!
* * * LOW HITPOINT WARNING * * *
There is a stone staircase leading up here.
The warg bites you!
You die...

##.##
##)######
#..?....#
#...o...#
#.......#
#.......#
#......9#
#......h#
#......@#
####.####
#.# ..
#.. #.


You could see a warg, a gargoyle and an orc priest.

Vanquished Creatures
  A centaur warrior (D:9)
  3 two-headed ogres
  An ugly thing (D:11)
  A freezing wraith (D:9)
  A tengu conjurer (D:10)
  2 hornets
  Prince Ribbit (D:7)
  4 hippogriffs
  A yak (D:10)
  5 hungry ghosts
  Menkaure (D:7)
  2 water moccasins
  A porcupine (D:10)
  4 ice beasts
  2 orc warriors
  Duvessa (D:6)
  2 sky beasts (D:8)
  A necrophage (D:7)
  2 ogres
  3 wolves (D:10)
  A centaur (D:8)
  3 big kobolds
  An elf zombie (Ossuary)
  5 bullfrogs
  7 scorpions
  A wyvern skeleton (D:3)
  Dowan (D:6)
  A water moccasin skeleton (D:4)
  10 killer bees
  17 wights
  4 howler monkeys
  3 lava snakes (D:9)
  3 crimson imps
  2 centaur zombies
  A human zombie (Ossuary)
  3 orc priests
  3 hounds
  4 jellies
  8 orc wizards
  2 centaur skeletons
  2 iguanas
  2 worker ants
  A hound skeleton (D:10)
  3 mummies (Ossuary)
  A howler monkey zombie (D:10)
  3 gnolls
  2 howler monkey skeletons
  18 adders
  A shadow imp (D:10)
  An ooze (D:3)
  3 adder zombies
  2 adder skeletons
  5 worms
  2 dart slugs
  8 leopard geckos
  17 orcs
  5 giant cockroaches
  7 goblins
  5 hobgoblins
  10 jackals
  5 quokkas
  A ball python (D:4)
  11 bats
  5 frilled lizards
  2 gnoll zombies (Ossuary)
  3 goblin zombies (Ossuary)
  2 hobgoblin zombies (Ossuary)
  A jackal zombie (Ossuary)
  17 kobolds
  6 kobold zombies (Ossuary)
  A leopard gecko skeleton (D:5)
  4 orc zombies (Ossuary)
  A quokka skeleton (D:4)
  6 quokka zombies (Ossuary)
  8 rats
  7 rat zombies (Ossuary)
297 creatures vanquished.

Vanquished Creatures (collateral kills)
  Grum (D:10)
  An orc warrior (D:10)
  A wight (D:9)
3 creatures vanquished.

Vanquished Creatures (others)
  A killer bee (D:9)
  An orc wizard (D:9)
  A plant (D:10)
3 creatures vanquished.

Grand Total: 303 creatures vanquished

Notes
Turn   | Place    | Note
-------+----------+-------------------------------------------
     0 | D:1      | Kosschaser the Deep Elf Enchanter began the quest for the Orb.
     0 | D:1      | Reached XP level 1. HP: 10/10 MP: 6/6
   386 | D:1      | Reached skill level 4 in Stealth
   400 | D:1      | Reached XP level 2. HP: 15/15 MP: 8/8
   404 | D:1      | Learned a level 2 spell: Ensorcelled Hibernation
  1391 | D:1      | Reached XP level 3. HP: 18/19 MP: 10/10
  1723 | D:2      | Found a deep blue altar of Sif Muna.
  1723 | D:2      | Found a shadowy altar of Dithmenos.
  1727 | D:2      | Became a worshipper of Dithmenos the Shadowed
  1769 | D:2      | Found a basalt altar of Yredelemnul.
  2700 | D:2      | Learned a level 3 spell: Confuse
  2704 | D:2      | Learned a level 3 spell: Dazzling Spray
  2936 | D:3      | Reached skill level 1 in Ice Magic
  2954 | D:3      | Reached XP level 4. HP: 20/24 MP: 7/11
  3134 | D:3      | Noticed a moth of wrath
  3137 | D:3      | Found a bloodstained altar of Trog.
  3332 | D:3      | Reached skill level 5 in Stealth
  3334 | D:3      | Found an opulent altar of Gozag.
  3480 | D:3      | Found a stormy altar of Qazlal.
  3495 | D:3      | Reached * piety under Dithmenos
  3633 | D:3      | Reached skill level 1 in Fighting
  3633 | D:3      | Reached XP level 5. HP: 26/29 MP: 10/13
  3684 | D:3      | Learned a level 2 spell: Slow
  4323 | D:4      | Reached skill level 5 in Hexes
  4336 | D:4      | Reached skill level 6 in Stealth
  4375 | D:4      | Reached XP level 6. HP: 20/34 MP: 12/15
  4418 | D:4      | Found a sand-covered staircase.
  4498 | Ossuary  | Entered an ossuary
  4845 | Ossuary  | Reached ** piety under Dithmenos
  5025 | Ossuary  | Reached skill level 5 in Spellcasting
  5332 | D:4      | Found a radiant altar of Vehumet.
  5489 | D:4      | Reached XP level 7. HP: 31/38 MP: 6/17
  5503 | D:4      | Learned a level 3 spell: Tukima's Dance
  5575 | D:4      | Noticed a hippogriff
  5607 | D:4      | Reached skill level 7 in Stealth
  5611 | D:4      | Killed a hippogriff
  6296 | D:5      | Entered Level 5 of the Dungeon
  6690 | D:5      | Reached skill level 8 in Stealth
  6802 | D:5      | Reached XP level 8. HP: 43/43 MP: 18/18
  6923 | D:6      | Reached *** piety under Dithmenos
  6952 | D:6      | Found a glowing silver altar of Zin.
  7224 | D:6      | Found a snail-covered altar of Cheibriados.
  7413 | D:6      | Found Peceyrch's Quality Used Wands.
  7859 | D:6      | Reached skill level 9 in Stealth
  8191 | D:7      | Noticed Duvessa
  8191 | D:7      | Noticed Dowan
  8198 | D:6      | Killed Duvessa
  8200 | D:6      | Killed Dowan
  8427 | D:7      | Found a staircase to the Ecumenical Temple.
  8467 | D:7      | Noticed Menkaure
  8472 | D:7      | Killed Menkaure
  8562 | D:7      | Reached XP level 9. HP: 48/48 MP: 6/22
  8799 | D:7      | Reached skill level 10 in Stealth
  8969 | D:7      | Noticed Prince Ribbit
  8973 | D:7      | Killed Prince Ribbit
  9151 | D:8      | Noticed a two-headed ogre
  9186 | D:8      | Killed a two-headed ogre
  9186 | D:8      | Reached **** piety under Dithmenos
  9186 | D:8      | Reached skill level 11 in Stealth
  9594 | D:8      | Reached skill level 5 in Short Blades
  9602 | D:8      | Noticed Gargoyl's ghost (novice DrAK)
  9618 | D:8      | Found a shimmering altar of Xom.
  9618 | D:8      | Found a shimmering altar of Xom.
  9618 | D:8      | Found a shimmering altar of Xom.
  9618 | D:8      | Found a shimmering altar of Xom.
  9618 | D:8      | Found a shimmering altar of Xom.
  9618 | D:8      | Found a shimmering altar of Xom.
  9618 | D:8      | Found a shimmering altar of Xom.
  9618 | D:8      | Found a shimmering altar of Xom.
  9618 | D:8      | Found a shimmering altar of Xom.
  9618 | D:8      | Found a shimmering altar of Xom.
  9923 | D:8      | Reached XP level 10. HP: 54/54 MP: 21/24
 10042 | D:8      | Reached skill level 12 in Stealth
 10231 | D:8      | Found a shattered altar of Ashenzari.
 10313 | D:8      | Gained mutation: You are frail. (-10% HP) [mutagenic meat]
 10315 | D:8      | Gained mutation: Your natural rate of healing is unusually fast. [mutagenic meat]
 10316 | D:8      | Gained mutation: You are weak. (Str -2) [mutagenic meat]
 10317 | D:8      | Gained mutation: You are very frail. (-20% HP) [mutagenic meat]
 10318 | D:8      | Gained mutation: You have sharp toenails. [mutagenic meat]
 10319 | D:8      | Gained mutation: You are partially covered in icy blue scales. (AC +2) [mutagenic meat]
 10645 | D:9      | Noticed Glitchraptor's ghost (novice DrAK)
 10768 | D:9      | Learned a level 3 spell: Ozocubu's Armour
 10831 | D:9      | Reached skill level 5 in Dodging
 10855 | D:9      | Found a blossoming altar of Fedhas.
 10911 | D:9      | Noticed a two-headed ogre
 10926 | D:9      | Killed a two-headed ogre
 11250 | D:9      | Found a shimmering altar of Xom.
 11308 | D:9      | Noticed a centaur warrior
 11336 | D:9      | Killed a centaur warrior
 11336 | D:9      | Reached skill level 13 in Stealth
 11336 | D:9      | Reached skill level 10 in Spellcasting
 11388 | D:9      | Found a white marble altar of Elyvilon.
 11949 | D:9      | Noticed a two-headed ogre
 11955 | D:9      | Killed a two-headed ogre
 11955 | D:9      | Reached skill level 10 in Hexes
 11955 | D:9      | Reached XP level 11. HP: 47/47 MP: 24/27
 12228 | D:10     | Entered Level 10 of the Dungeon
 12295 | D:10     | Noticed Grum
 12314 | D:10     | Killed Grum
 12636 | D:10     | Found a staircase to the Lair.
 13177 | D:11     | Noticed a brown ugly thing
 13184 | D:11     | Killed a brown ugly thing
 13207 | D:11     | Found a staircase to the Orcish Mines.
 13264 | D:11     | Slain by a warg

Skill      XL: |  1  2  3  4  5  6  7  8  9 10 11 |
---------------+----------------------------------+-----
Stealth        | 4 5 6 8 9 11 13 | 13.7
Ice Magic      | 1 2 3 4 |  4.2
Spellcasting   | 4 5 7 8 10 11 | 11.1
Fighting       | 1 2 3 |  3.0
Hexes          | 5 6 7 8 10 | 10.6
Short Blades   | 2 3 5 6 |  6.6
Dodging        | 3 4 5 6 |  6.1
Conjurations   | |  0.9

Action                   |  1- 3 |  4- 6 |  7- 9 | 10-12 || total
-------------------------+-------+-------+-------+-------++-------
Melee: Dagger            |   152 |   331 |   145 |    27 ||   655
       Short sword       |       |       |   131 |   312 ||   443
 Cast: Ensorcelled Hiber |    30 |    25 |    35 |    58 ||   148
       Confuse           |     1 |    16 |    39 |    37 ||    93
       Dazzling Spray    |       |     7 |     9 |    15 ||    31
       Slow              |       |     3 |     4 |     1 ||     8
       Tukima's Dance    |       |       |       |     5 ||     5
       Ozocubu's Armour  |       |       |       |     2 ||     2
Invok: Shadow Step       |       |       |     1 |     3 ||     4
  Use: Scroll            |       |     1 |     1 |    13 ||    15
 Stab: Sleeping          |    28 |    33 |    48 |    38 ||   147
       Confused          |       |    13 |    23 |    26 ||    62
       Invisible         |       |       |     2 |     2 ||     4
       Distracted        |       |       |       |     2 ||     2
  Eat: Chunk             |     7 |     6 |     9 |    19 ||    41
       Bread ration      |       |     1 |       |       ||     1
       Meat ration       |       |       |     1 |       ||     1
Armor: Robe              |    29 |    30 |    35 |    33 ||   127
Dodge: Dodged            |   133 |   210 |   184 |   245 ||   772
